 Seeded DCSS version 0.32-a0-705-g60f233581c (webtiles) character file.

Game seed: 7220356206648857820 (custom seed)

65 Griffin23 the Covered (level 3, -2/33 HPs)
             Began as a Minotaur Fighter on Mar 14, 2024.
             Was a Follower of Beogh.
             Slain by Ijyb
             ... wielding a +1 spectral club
              (3 damage)
             ... on level 3 of the Dungeon.
             The game lasted 00:02:23 (1054 turns).

Griffin23 the Covered (Minotaur Fighter)            Turns: 1054, Time: 00:02:23

Health: -2/33      AC:  9    Str: 22    XL:     3   Next: 92%
Magic:  2/2        EV:  7    Int:  5    God:    Beogh [*.....]
Gold:   151        SH:  4    Dex:  9    Spells: 2/2 levels left

rFire   . . .        a - +0 long sword
rCold   . . .        c - +0 buckler
rNeg    . . .        l - +0 chain mail
rPois   .            (helmet restricted)
rElec   .            (no cloak)
rCorr   .            (no gloves)
SInv    .            (no boots)
Will    .....        (no amulet) Stlth
                     (no ring)
HPRegen 0.25/turn    (no ring)
MPRegen 0.08/turn

%: no passive effects
@: no status effects
A: horns 2, retaliatory headbutt
a: Renounce Religion


You were on level 3 of the Dungeon.
You worshipped Beogh.
Beogh was aware of your devotion.
You visited 1 branch of the dungeon, and saw 3 of its levels.

You collected 151 gold pieces.

Inventory:

Hand Weapons
 a - a +0 long sword (weapon)
Missiles
 f - a throwing net (quivered)
Armour
 b - a +0 scale mail
 c - a +0 buckler (worn)
 l - a +0 chain mail (worn)
Jewellery
 h - a +4 ring of protection
Scrolls
 i - a scroll of butterflies
 k - a scroll of revelation
 m - a scroll of fear {unknown}
 n - a scroll of vulnerability {unknown}
 o - a scroll of fog {unknown}
Potions
 d - a potion of might
 e - a potion of haste {unknown}
 j - a potion of attraction {unknown}
 p - a potion of lignification {unknown}


   Skills:
 + Level 4.2 Fighting
 * Level 3.4 Long Blades
 + Level 4.2 Armour
 + Level 4.2 Shields


You had 2 spell levels left.
You didn't know any spells.
Your spell library was empty.

Dungeon Overview and Level Annotations

Branches:
Dungeon (3/15)

Altars:
Beogh

Annotations:
D:3 Ijyb


Innate Abilities, Weirdness & Mutations

You have a pair of horns on your head.
You reflexively headbutt those who attack you in melee.


Message History

A +1 spectral club comes into view.
You slash Ijyb!
Ijyb is heavily wounded.
Ijyb closely misses you. The +1 spectral club hits you.
You hit Ijyb.
Ijyb is severely wounded.
Ijyb zaps a wand.
The puff of flame hits you.
The +1 spectral club disappears.
You block Ijyb's attack. The +1 spectral club hits you.
A +1 spectral club comes into view.
You are too injured to fight recklessly!
You are too injured to fight recklessly!
You are too injured to fight recklessly!
You are too injured to fight recklessly!
You hit Ijyb.
Ijyb is almost dead.
Ijyb hits you but does no damage.
The +1 spectral club hits you but does no damage.
You hit Ijyb but do no damage.
Ijyb is almost dead.
Ijyb hits you but does no damage.
The +1 spectral club hits you but does no damage.
You hit Ijyb but do no damage.
Ijyb is almost dead.
Ijyb hits you but does no damage.
The +1 spectral club closely misses you.
You hit Ijyb but do no damage.
Ijyb is almost dead.
Ijyb hits you but does no damage.
The +1 spectral club hits you but does no damage.
You hit Ijyb but do no damage.
Ijyb is almost dead.
Ijyb zaps a wand.
The puff of flame hits you!
* * * LOW HITPOINT WARNING * * *
The +1 spectral club disappears.
Ijyb zaps a wand.
The puff of flame hits you.
* * * LOW HITPOINT WARNING * * *
You barely miss Ijyb. You headbutt Ijyb, but do no damage.
Ijyb is almost dead.
Ijyb hits you with a +1 spectral club.
You die...
Ijyb moans, "Good help so hard to find!"

.. ... ..# ..#
..# # ###..####
#####.#........
.......<...##
#####.#.@...#
#....g.##
#####.## .# .#
.# .# .#


You could see Ijyb.

Vanquished Creatures
  4 adders (D:2)
  2 ribbon worms (D:2)
  2 ball pythons (D:2)
  An endoplasm (D:2)
  3 giant cockroaches
  4 goblins (D:2)
  A hobgoblin (D:2)
  2 bats (D:1)
  2 frilled lizards (D:2)
  3 kobolds (D:2)
  3 rats
27 creatures vanquished.

Notes
Turn   | Place    | Note
-------+----------+-------------------------------------------
     0 | D:1      | Griffin23 the Minotaur Fighter began the quest for the Orb.
     0 | D:1      | Reached XP level 1. HP: 19/19 MP: 0/0
   431 | D:2      | Reached XP level 2. HP: 22/27 MP: 1/1
   542 | D:2      | Noticed a glass eye
   545 | D:2      | Found a faded altar of an unknown god.
   546 | D:2      | Noticed a glass eye
   546 | D:2      | Noticed an eye of devastation
   546 | D:2      | Noticed an eye of devastation
   598 | D:2      | Prayed at the altar of an unknown god.
   598 | D:2      | Became a worshipper of Beogh the Shepherd
   598 | D:2      | Reached * piety under Beogh
   648 | D:2      | Reached XP level 3. HP: 25/33 MP: 2/2
  1039 | D:3      | Noticed Ijyb
  1053 | D:3      | HP: 1/33 [Ijyb/puff of flame (6)]
  1054 | D:3      | Slain by Ijyb

Illustrated notes

Levels and vault maps discovered:
D:1:      giann_bridges, layout_rooms
D:2:      layout_basic, hellmonk_ecumenical_altar_watching_god,
          wander_ebering_terrifying_dragon_lair
D:3:      layout_loops_corners, uniq_ijyb, uniq_sigmund,
          uniq_crazy_yiuf_cottage, uniq_terence

Skill      XL: |  1  2 |
---------------+-------+-----
Fighting       | 4 |  4.2
Armour         | 4 |  4.2
Shields        | 4 |  4.2
Long Blades    | 3 |  3.4

Action                     || total
---------------------------++-------
  Melee: Long sword        ||    78
         Headbutt          ||    12
    Use: Scroll            ||     2
 Armour: Chain mail        ||    90
         Scale mail        ||     3
  Dodge: Dodged            ||    36
  Block: Buckler           ||    18

Table legend: (Time is in decaauts)
 A = Elapsed time spent in this place.
 B = Non-inter-level travel time spent in this place.
 C = Inter-level travel time spent in this place.
 D = Time resting spent in this place.
 E = Time spent auto-exploring this place.
 F = Levels seen in this place.
 G = Mean time per level.
                   A        B        C        D        E       F      G
               +--------+--------+--------+--------+--------+-----+--------+
         Total |   1075 |   1029 |     46 |      0 |    817 |   3 |  358.3 |
       Dungeon |   1075 |   1029 |     46 |      0 |    817 |   3 |  358.3 |
               +--------+--------+--------+--------+--------+-----+--------+

Top non-repeatable levels by time:
     D:2: 644 daAuts
     D:1: 413 daAuts
     D:3: 17 daAuts
